 Dungeon Crawl Stone Soup version 0.29.1-2-gbd0b4ee654 (webtiles) character file.

Game seed: 2278277914960438147

27 Godmorgon the Trooper (level 3, 0/29 HPs)
             Began as a Formicid Abyssal Knight on Oct 24, 2022.
             Was a Priest of Lugonu.
             Slain by a gnoll
             ... wielding a +0 club
              (3 damage)
             ... on level 2 of the Dungeon.
             The game lasted 00:02:57 (1228 turns).

Godmorgon the Trooper (Formicid Abyssal Knight)     Turns: 1228, Time: 00:02:57

Health: 0/29       AC:  3    Str: 19    XL:     3   Next: 25%
Magic:  4/4        EV: 11    Int:  9    God:    Lugonu [***...]
Gold:   84         SH:  0    Dex: 14    Spells: 2/2 levels left

rFire   . . .      SeeInvis +   a - +1 mace
rCold   . . .      Faith    .   (no shield)
rNeg    . . .      Spirit   .   b - +0 leather armour
rPois   .          Reflect  .   (helmet unavailable)
rElec   .          Harm     .   (no cloak)
rCorr   .          Rampage  .   (no gloves)
Will    .....                   (no boots)
Stlth   +.........              (no amulet)
HPRegen 0.09/turn               (no ring)
MPRegen 0.09/turn               (no ring)

@: no status effects
A: permanent stasis, dig shafts and tunnels, antennae 3, four strong arms
a: Dig, Shaft Self, Renounce Religion, Depart the Abyss, Bend Space, Banish


You were on level 2 of the Dungeon.
You worshipped Lugonu.
Lugonu was most pleased with you.
You visited 1 branch of the dungeon, and saw 2 of its levels.
You visited the Abyss 1 time.

You collected 84 gold pieces.

Inventory:

Hand Weapons
 a - a +1 mace (weapon)
Missiles
 d - 2 boomerangs
Armour
 b - a +0 leather armour (worn)
Scrolls
 e - a scroll of amnesia {unknown}
 f - 2 scrolls of identify {unknown}
 j - a scroll of magic mapping {unknown}
Potions
 c - a potion of degeneration {unknown}
 g - a potion of curing {unknown}
 h - a potion of heal wounds {unknown}
 i - a potion of flight {unknown}


   Skills:
 + Level 3.5 Fighting
 * Level 2.6 Maces & Flails
 * Level 1.0 Throwing
 - Level 2.1 Armour
 - Level 0.8 Dodging
 + Level 2.6 Invocations


You had 2 spell levels left.
You didn't know any spells.
Your spell library was empty.

Dungeon Overview and Level Annotations

Branches:
Dungeon (2/15)

Altars:


Innate Abilities, Weirdness & Mutations

You cannot be hasted, slowed, berserked, paralysed or teleported.
You can dig through walls and to a lower floor.
You have a pair of large antennae on your head. (SInv)
Your four strong arms can wield two-handed weapons with a shield.


Message History

The kobold shouts!
There is a stone staircase leading down here.
You hit the kobold but do no damage. The kobold barely misses you.
You barely miss the kobold. The kobold closely misses you.
You hit the kobold.
You kill the kobold!
Lugonu accepts your kill.
Your Throwing skill increases to level 1!
Things that are here:
a +0 club; a kobold corpse You sense a monster nearby.
An endoplasm comes into view.
The helpless endoplasm fails to defend itself.
You sock the endoplasm!
You kill the endoplasm!
Lugonu accepts your kill.
You see here the +3 dagger "Bohogung" {flame, *Noise Int+7}.
j - a scroll labelled XODUELAXTUG You see here the +3 dagger "Bohogung" {flame, *Noise Int+7}. 2 gnolls come into view.
The gnoll shouts! x2
A gnoll comes into view. It is wielding a +0 flail.
Press: ? - help, v - describe, . - travel
Here: a gnoll, wielding a +0 club The floor.
Unknown command.
The gnoll hits you with a +0 club.
You closely miss the gnoll. The gnoll closely misses you. x2
You sock the gnoll!
The gnoll is heavily wounded.
The gnoll hits you from afar with a +0 spear!
The gnoll hits you with a +0 club!
* * * LOW HITPOINT WARNING * * *
You barely miss the gnoll.
The gnoll is heavily wounded.
The gnoll shouts!
The gnoll hits you from afar with a +0 spear.
* * * LOW HITPOINT WARNING * * *
The gnoll hits you with a +0 club.
You die...

#..####.#
#######.....#.#
.........)#.#.#
######.#.....#
#.###.#.# #.#
#.#.# #.# #.###
..# #.# ####
#@# #g# #g# .
#.# ... #.#
..g..#######.#
.....gg....g.#
.....#########
...


You could see 3 gnolls.

Vanquished Creatures
  4 bats (D:1)
  4 endoplasms
  A giant cockroach (D:1)
  5 goblins (D:1)
  A hobgoblin (D:1)
  A quokka (D:1)
  A ball python (D:1)
  4 kobolds
  3 rats (D:1)
24 creatures vanquished.

Notes
Turn   | Place    | Note
-------+----------+-------------------------------------------
     0 | Abyss:1  | Godmorgon the Formicid Abyssal Knight began the quest for
                  | the Orb.
     0 | Abyss:1  | Reached XP level 1. HP: 18/18 MP: 2/2
     1 | D:1      | Escaped the Abyss
    28 | D:1      | Found a faded altar of an unknown god.
   287 | D:1      | Reached XP level 2. HP: 14/24 MP: 3/3
   731 | D:1      | Reached XP level 3. HP: 26/29 MP: 4/4
   902 | D:1      | Reached *** piety under Lugonu
  1097 | D:2      | Reached skill level 1 in Throwing
  1178 | D:2      | Identified the +3 dagger "Bohogung" {flame, *Noise Int+7}
  1228 | D:2      | Slain by a gnoll

Illustrated notes

Levels and vault maps discovered:
D:1:      minmay_arrival_diagonal_passages, layout_loops_ring,
          chequers_ecumenical_altar_simple
D:2:      cheibrodos_fertilizer, layout_basic

Skill      XL: |  1  2  3 |
---------------+----------+-----
Throwing       | 1 |  1.0
Fighting       | |  3.5
Maces & Flails | |  2.6
Armour         | |  2.1
Dodging        | |  0.8
Invocations    | |  2.6

Action                   || total
-------------------------++-------
Melee: Mace              ||    61
       Punch             ||     1
 Stab: Sleeping          ||     1
Armor: Leather armour    ||    17
Dodge: Dodged            ||    41
